 Dungeon Crawl Stone Soup version 0.20-a0-1051-gc5baec5 (webtiles) character file.

134 Gadicath the Conjurer (level 5, 0/34 HPs)
             Began as an Octopode Conjurer on Apr 25, 2017.
             Was an Initiate of Okawaru.
             Slain by an orc
             ... wielding a +0 dagger
              (3 damage)
             ... on level 3 of the Dungeon.
             The game lasted 00:16:51 (2688 turns).

Gadicath the Conjurer (Octopode Conjurer)           Turns: 2688, Time: 00:16:51

Health: 0/34       AC:  1    Str:  9    XL:     5   Next: 17%
Magic:  17/17      EV: 10    Int: 17    God:    Okawaru [......]
Gold:   155        SH:  6    Dex: 12    Spells: 4/8 levels left

rFire    . . .     SeeInvis .   o - +0 short sword
rCold    . . .     Gourm    .   m - +0 shield
rNeg     . . .     Faith    .   (helmet restricted)
rPois    .         Spirit   .   (no amulet)
rElec    .         Reflect  .   c - ring of magical power
rCorr    .         Harm     .   (no ring)
MR       .....                  (no ring)
Stlth    +++.......             (no ring)
Regen    0.2/turn               (no ring)
MPRegen  0.2/turn               (no ring)
                                (no ring)
                                (no ring)

@: exhausted, slowed, very slow
A: almost no armour, stealthy swim, amphibious, 8 rings, constrict 8, camouflage
1, gelatinous body 1
a: Renounce Religion


You were on level 3 of the Dungeon.
You worshipped Okawaru.
Okawaru was noncommittal.
You were not hungry.

You visited 1 branch of the dungeon, and saw 3 of its levels.

You collected 155 gold pieces.

Inventory:

Hand Weapons
 g - a +0 hand axe
 h - a +0 mace
 o - a +0 short sword (weapon)
Missiles
 k - 6 poisoned needles
 q - 2 tomahawks (quivered)
Armour
 m - a +0 shield (worn)
Jewellery
 c - a ring of magical power (left tentacle)
Scrolls
 f - a scroll of teleportation
 j - a scroll of amnesia
Potions
 i - a potion of ambrosia {unknown}
Books
 a - a book of Conjurations

   Spells                             Type                      Level
   a - Magic Dart                     Conjuration                  1
   b - Searing Ray                    Conjuration                  2
   c - Dazzling Spray                 Conjuration/Hexes            3
   d - Fulminant Prism                Conjuration/Hexes            4
   e - Force Lance                    Conjuration/Translocation    4
   f - Iskenderun's Mystic Blast      Conjuration                  4
Comestibles
 b - 3 bread rations
 p - a meat ration
 r - 2 fruits
 s - a royal jelly


   Skills:
 * Level 2.1 Fighting
 * Level 2.2 Short Blades
 + Level 2.2 Dodging
 + Level 3.9 Stealth
 + Level 0.4 Shields
 + Level 2.2 Spellcasting
 + Level 4.3 Conjurations


You had 4 spell levels left.
You knew the following spells:

 Your Spells              Type           Power        Failure   Level  Hunger
a - Magic Dart            Conj           ###.         21%         1    #......
b - Dazzling Spray        Conj/Hex       #.....       83%         3    ###....


Dungeon Overview and Level Annotations

Branches:
Dungeon (3/15)

Altars:
Okawaru


Innate Abilities, Weirdness & Mutations

You cannot wear most types of armour.
You are very stealthy in the water. (Stealth+)
You are amphibious.
You can wear up to eight rings at the same time.
You can use your tentacles to constrict eight enemies at once.
Your skin changes colour to match your surroundings (Stealth+).
Your rubbery body absorbs attacks. (AC +1, EV +1)


Message History

The orc is heavily wounded.
You constrict the orc, but do no damage.
The orc hits you with a club.
* * * LOW HITPOINT WARNING * * *
It was a potion of berserk rage.
A red film seems to cover your vision as you go berserk!
You feel yourself moving faster!
You feel mighty!
You constrict the orc. The orc hits you with a club.
* * * LOW HITPOINT WARNING * * *
You hit the orc.
You kill the orc!
Okawaru accepts your kill.
You start resting.
You feel a strong urge to attack something.
You eat one of the 3 fruits.
Mmmm...
Yummy lychee.
You feel your anger subside.
You are no longer berserk.
You are exhausted.
You feel yourself slow down.
You climb downwards.
The orc hits you with a dagger.
You die...

.###.... #.#
†..#.... #.#
...#.... #.#
...#..... #.#
...#... #.####
...# #....# ####
####.# ### #.# #.#
#@# #.#.###### #o#
#.###(#...# #.#
.##....(#.######.#
.(..#.#....o.o...#
##.#.#############
##.## ###


You could see an orc.

Vanquished Creatures
  Natasha (D:3)
  4 adders (D:2)
  An ooze (D:2)
  3 dart slugs (D:1)
  4 orcs
  A ball python (D:2)
  11 bats
  3 giant cockroaches
  7 goblins
  7 hobgoblins
  2 quokkas
  3 frilled lizards (D:1)
  9 kobolds
  6 rats
62 creatures vanquished.

Notes
Turn   | Place    | Note
-------+----------+-------------------------------------------
     0 | D:1      | Gadicath the Octopode Conjurer began the quest for the Orb.
     0 | D:1      | Reached XP level 1. HP: 11/11 MP: 3/3
   187 | D:1      | Reached XP level 2. HP: 18/18 MP: 5/5
   329 | D:1      | Reached skill level 1 in Short Blades
   689 | D:1      | Reached skill level 1 in Fighting
   752 | D:1      | Reached XP level 3. HP: 11/23 MP: 6/6
  1017 | D:1      | Learned a level 3 spell: Dazzling Spray
  1294 | D:2      | Found an iron altar of Okawaru.
  1306 | D:2      | Became a worshipper of Warmaster Okawaru
  1416 | D:2      | Reached XP level 4. HP: 22/28 MP: 5/7
  2520 | D:3      | Noticed Natasha
  2542 | D:3      | Killed Natasha
  2542 | D:3      | Reached XP level 5. HP: 10/34 MP: 8/8
  2688 | D:3      | Slain by an orc

Vault maps used:
D:1:      scummos_arrival_hexagon
D:2:      lemuel_round_altar, first_bread, minmay_tall_x
D:3:      minmay_randomly_rotated_circles, uniq_jessica, uniq_natasha

Skill      XL: |  1  2  3  4 |
---------------+-------------+-----
Stealth        | 3 |  3.9
Short Blades   | 1 2 |  2.2
Fighting       | 1 2 |  2.1
Dodging        | |  2.2
Shields        | |  0.4
Spellcasting   | |  2.2
Conjurations   | |  4.3

Action                   |  1- 3 |  4- 6 || total
-------------------------+-------+-------++-------
Melee: Short sword       |    77 |    51 ||   128
       Unarmed           |     8 |       ||     8
       Constrict         |    20 |    12 ||    32
       Tentacles         |    12 |     5 ||    17
Throw: Tomahawk          |       |     3 ||     3
 Cast: Magic Dart        |    10 |    22 ||    32
  Use: Scroll            |     5 |     3 ||     8
       Potion            |     3 |     5 ||     8
 Stab: Sleeping          |    12 |     5 ||    17
       Distracted        |       |     1 ||     1
  Eat: Meat ration       |     1 |       ||     1
       Fruit             |       |     2 ||     2
Armor: Skin              |    10 |     7 ||    17
Dodge: Dodged            |    42 |    26 ||    68
Block: Shield            |     7 |    17 ||    24
